 Dungeon Crawl Stone Soup version 0.19-a0-1341-g3513869 (webtiles) character file.

53 Amnesiac the Chopper (level 3, 0/49 HPs)
             Began as a Hill Orc Berserker on Sept 1, 2016.
             Was a Believer of Trog.
             Slain by Aquadorian's ghost (10 damage)
             ... on level 3 of the Dungeon.
             The game lasted 00:01:59 (710 turns).

Amnesiac the Chopper (Hill Orc Berserker)            Turns: 710, Time: 00:02:00

Health: 0/49       AC:  3    Str: 24    XL:     3   Next: 87%
Magic:  3/3        EV: 12    Int:  7    God:    Trog [**....]
Gold:   71         SH:  0    Dex: 11    Spells: 0 memorised, 2 levels left

rFire  . . .     SeeInvis .     a - +0 hand axe
rCold  . . .     Gourm    .     b - +0 animal skin
rNeg   . . .     Faith    .     (no shield)
rPois  .         Spirit   .     (no helmet)
rElec  .         Dismiss  .     (no cloak)
rCorr  .         Reflect  .     (no gloves)
MR     .....     Harm     .     h - +0 pair of boots
Stlth  ..........               (no amulet)
                                (no ring)
                                (no ring)

@: berserking, very quick
A: no striking features
a: Berserk, Trog's Hand, Burn Spellbooks, Renounce Religion


You were on level 3 of the Dungeon.
You worshipped Trog.
Trog was pleased with you.
You were hungry.

You visited 1 branch of the dungeon, and saw 3 of its levels.

You collected 71 gold pieces.

Inventory:

Hand Weapons
 a - a +0 hand axe (weapon)
Armour
 b - a +0 animal skin (worn)
 h - a +0 pair of boots (worn)
 j - a +0 buckler
 r - a +0 shield
Jewellery
 s - an uncursed ring of positive energy {unknown}
Scrolls
 d - a scroll of random uselessness {unknown}
 g - a scroll of fog {unknown}
 i - a scroll of identify {unknown}
 k - a scroll of teleportation {unknown}
 m - a scroll of enchant armour {unknown}
 n - a scroll of remove curse {unknown}
Potions
 e - a potion of lignification {unknown}
 l - a potion of heal wounds {unknown}
 o - a potion of might {unknown}
 q - a potion of haste {unknown}
Comestibles
 c - 2 bread rations
 f - 6 chunks of flesh
 p - 2 meat rations


   Skills:
 + Level 4.3 Fighting
 * Level 5.6 Axes
 - Level 2.1 Armour
 - Level 1.5 Dodging


You had 2 spell levels left.
You didn't know any spells.

Dungeon Overview and Level Annotations

Branches:
Dungeon (3/15)

Altars:

Annotations:
D:3 Aquadorian's ghost, amateur OgFi


Message History

Aquadorian's ghost is moderately damaged.
You hit the bat.
You feel the power of Trog in you as your rage grows.
You kill the bat!
Trog accepts your kill. Aquadorian's ghost hits you!
You barely miss Aquadorian's ghost.
Aquadorian's ghost is moderately damaged.
Aquadorian's ghost hits you.
You hit Aquadorian's ghost.
Aquadorian's ghost is moderately damaged.
Some of the chunks of flesh in your inventory have rotted away.
You barely miss Aquadorian's ghost.
Aquadorian's ghost is moderately damaged.
Aquadorian's ghost hits you!
* * * LOW HITPOINT WARNING * * *
You slice Aquadorian's ghost!!
Aquadorian's ghost is severely damaged.
Aquadorian's ghost hits you!
You die...

#####.....#
##.......#.#
##..........#
#...........#
#.........%.#
#...........#
#....†W...# #.
#@...##
#.###<....#
#.####.#.......#
#.......)......#
..####.#........#
###.#.....##.#
#...#.....# .
#.###....## ###.#
#....#


You could see Aquadorian's ghost.

Vanquished Creatures
  2 adders (D:2)
  A dart slug (D:1)
  A giant gecko (D:1)
  A ball python (D:1)
  6 bats
  2 giant cockroaches (D:1)
  2 goblins
  A hobgoblin (D:1)
  12 kobolds
  A giant newt (D:1)
  5 rats (D:1)
34 creatures vanquished.

Notes
Turn   | Place    | Note
-------+----------+-------------------------------------------
     0 | D:1      | Amnesiac the Hill Orc Berserker began the quest for the Orb.
     0 | D:1      | Reached XP level 1. HP: 19/19 MP: 1/1
   107 | D:1      | Reached XP level 2. HP: 16/27 MP: 2/2
   192 | D:1      | Reached skill level 5 in Axes
   365 | D:1      | Reached XP level 3. HP: 22/33 MP: 3/3
   490 | D:1      | Reached ** piety under Trog
   699 | D:3      | Noticed Aquadorian's ghost (amateur OgFi)
   710 | D:3      | Slain by Aquadorian's ghost

Vault maps used:
D:1:      onia_arrival_pentagram, minmay_tetromino_l2
D:2:      first_bread, minmay_snake_closets, uniq_terence, uniq_natasha
D:3:      lemuel_round_altar, kennysheep_generic_room_11

Skill      XL: |  1  2  3 |
---------------+----------+-----
Axes           | 5 |  5.6
Fighting       | 4 |  4.3
Armour         | |  2.1
Dodging        | |  1.5

Action                   || total
-------------------------++-------
Melee: Hand axe          ||    95
Invok: Berserk           ||     3
 Stab: Sleeping          ||     1
  Eat: Chunk             ||     1
Armor: Animal skin       ||    30
Dodge: Dodged            ||    67
